 Dungeon Crawl Stone Soup version 0.22.0-16-gc6d26f69f9 (webtiles) character file.

126 GordonOverkill the Chopper (level 4, -3/33 HPs)
             Began as a Mummy Warper on Aug 18, 2018.
             Slain by Natasha (6 damage)
             ... on level 2 of the Dungeon.
             The game lasted 00:05:40 (3421 turns).

GordonOverkill the Chopper (Mummy Warper)           Turns: 3421, Time: 00:05:40

Health: -3/33      AC:  9    Str: 15    XL:     4   Next: 83%
Magic:  8/8        EV:  6    Int: 12    God:
Gold:   99         SH:  0    Dex: 11    Spells: 8/8 levels left

rFire    x . .     SeeInvis .   l - +1 mace (drain)
rCold    + . .     Gourm    .   (no shield)
rNeg     + + +     Faith    .   b - +0 chain mail (curse)
rPois    ∞         Spirit   .   (no helmet)
rElec    .         Reflect  .   n - +0 cloak
rCorr    .         Harm     .   (no gloves)
MR       .....                  (no boots)
Stlth    ..........             (no amulet)
HPRegen  0.11/turn              (no ring)
MPRegen  0.11/turn              (no ring)

@: no status effects
A: no food or potions, fire vulnerability, cold resistance 1, negative energy
resistance 3, torment resistance, unbreathing
a: no special abilities


You were on level 2 of the Dungeon.
You were not hungry.

You visited 1 branch of the dungeon, and saw 2 of its levels.

You collected 99 gold pieces.

Inventory:

Hand Weapons
 a - a +0 hand axe
 l - a +1 mace of draining (weapon)
Missiles
 e - 5 tomahawks of dispersal (quivered)
 j - 6 tomahawks
Armour
 b - a cursed +0 chain mail (worn)
 n - a +0 cloak (worn)
Wands
 m - a wand of random effects (21)
Scrolls
 c - a scroll of remove curse
 d - a scroll of blinking
 f - 2 scrolls of fog {unknown}
 g - 3 scrolls of teleportation {unknown}
 h - 2 scrolls of random uselessness {unknown}
 i - a scroll of enchant weapon {unknown}
 k - a scroll of identify {unknown}


   Skills:
 - Level 2.0 Fighting
 + Level 4.2 Axes
 - Level 0.7 Throwing
 - Level 0.7 Armour
 - Level 1.5 Dodging
 - Level 2.6 Spellcasting
   Level 2.4 Translocations


You had 8 spell levels left.
You didn't know any spells.
Your spell library contained the following spells:

 Spells                   Type           Power        Failure   Level  Hunger
 Teleport Other           Tloc           #.......     100%        3    N/A
 Blink                    Tloc           N/A          98%         2    N/A
 Passage of Golubria      Tloc           N/A          100%        4    N/A
 Shroud of Golubria       Chrm/Tloc      #.........   99%         2    N/A
 Gell's Gravitas          Tloc           #.........   100%        3    N/A
 Lesser Beckoning         Tloc           #.........   100%        3    N/A

Dungeon Overview and Level Annotations

Branches:
Dungeon (2/15)

Altars:
Nemelex Xobeh

Annotations:
D:2 Natasha, Sigmund


Innate Abilities, Weirdness & Mutations

You do not eat or drink.
Your flesh is vulnerable to fire.
You are immune to poison.
Your flesh is cold resistant. (rC+)
You are immune to negative energy. (rN+++)
You are immune to unholy pain and torment.
You can survive without breathing.


Message History

The crimson imp hits you but does no damage.
Natasha barely misses you.
You miss Natasha.
Natasha is severely wounded.
The crimson imp barely misses you. Natasha casts a spell at you.
The magic dart hits you!
* * * LOW HITPOINT WARNING * * *
The crimson imp closely misses you. Natasha casts a spell at you.
The magic dart hits you!
You miss Natasha.
Natasha is severely wounded.
The crimson imp barely misses you. Natasha claws you.
* * * LOW HITPOINT WARNING * * *
You miss Natasha.
Natasha is severely wounded.
The crimson imp hits you but does no damage.
Natasha claws you.
You die...

#.# #.# #.# #.# #.#
#.# #.# #.# #.# #.#
#.# #.# ####.#### #.#
#.# #.......# #.# #.#
#......<# #.# #.#
#.......# #h#####.####
#.......# #.@5.......#
#.......# ###.....##.#
#.......# #.######.#
#.......# #.# #.#
##.##########.######.#
#.##................#
#.##.#######.########
#.##<# #.# #.##.# #.#


You could see Natasha and a crimson imp.

Vanquished Creatures
  Crazy Yiuf (D:2)
  Natasha (D:2)
  A worm (D:2)
  3 dart slugs
  5 leopard geckos
  A ball python (D:2)
  6 bats
  2 giant cockroaches
  6 goblins
  7 hobgoblins
  8 kobolds
  A quokka (D:2)
  5 frilled lizards
  11 rats
  A bush (D:1)
  A plant (D:1)
60 creatures vanquished.

Vanquished Creatures (others)
  4 toadstools (D:1)
4 creatures vanquished.

Grand Total: 64 creatures vanquished

Notes
Turn   | Place    | Note
-------+----------+-------------------------------------------
     0 | D:1      | GordonOverkill the Mummy Warper began the quest for the Orb.
     0 | D:1      | Reached XP level 1. HP: 16/16 MP: 4/4
    78 | D:1      | Reached skill level 2 in Axes
   191 | D:1      | Reached XP level 2. HP: 5/22 MP: 5/5
  1646 | D:1      | Reached XP level 3. HP: 26/27 MP: 7/7
  1990 | D:2      | Reached skill level 3 in Axes
  2289 | D:2      | Found a sparkling altar of Nemelex Xobeh.
  2511 | D:2      | Noticed Sigmund
  2927 | D:2      | Reached XP level 4. HP: 29/33 MP: 8/8
  2988 | D:2      | Found a runed door.
  3037 | D:2      | Noticed Crazy Yiuf
  3042 | D:2      | Killed Crazy Yiuf
  3221 | D:2      | Reached skill level 4 in Axes
  3338 | D:2      | Noticed Natasha
  3349 | D:2      | Killed Natasha
  3409 | D:2      | Noticed Natasha
  3421 | D:2      | Slain by Natasha

Skill      XL: |  1  2  3  4 |
---------------+-------------+-----
Axes           | 2 3 4 |  4.2
Fighting       | |  2.0
Throwing       | |  0.7
Armour         | |  0.7
Dodging        | |  1.5
Spellcasting   | |  2.6
Translocations | |  2.4

Action                   |  1- 3 |  4- 6 || total
-------------------------+-------+-------++-------
Melee: Hand axe          |   467 |     4 ||   471
       Mace              |       |    30 ||    30
  Use: Scroll            |     1 |       ||     1
Armor: Leather armour    |    25 |       ||    25
       Chain mail        |    82 |    20 ||   102
       Scale mail        |    21 |       ||    21
Dodge: Dodged            |   114 |    15 ||   129
